Map: Ruby Rock LE

Players

BRRRZZZ

  • Race: Protoss Protoss
  • League: Diamond
  • Spawn Location: 11:00

HoldTheDoor - Winner!

  • Race: Protoss Protoss
  • League: Diamond
  • Spawn Location: 5:00

VOD

Have the link to the VOD?

Description

Time

  • Played on: May 11, 2026, 12:45 p.m.
  • Length: 14:31
Show
View Real Time Build Order
Export as new Build Order

BRRRZZZ Protoss 

Build Orders: Oracle Opening 

Get SALT Encoding   

  12  0:00  Probe  
  13  0:12  Probe  
  14  0:21  Pylon  
  14  0:24  Probe  
  15  0:35  Probe  
  15  0:41  Gateway  
  16  0:43  Probe  
  16  0:49  Assimilator  
  17  0:53  Probe  
  17  0:56  Assimilator  
  18  1:05  Probe  
  19  1:13  Gateway  
  19  1:17  Probe  
  20  1:30  Probe  
  21  1:32  Cybernetics Core  
  21  1:35  Pylon  
  21  1:42  Probe  
  22  1:54  Probe  
  23  2:06  Stalker x2  
  23  2:07  Probe  
  28  2:20  Probe  
  29  2:27  Pylon  
  29  2:30  Warp Gate  
  29  2:39  Stargate  
  29  2:47  Stalker  
  31  2:57  Pylon  
  30  3:13  Oracle  
  33  3:29  Probe  
  33  3:33  Twilight Council  
  34  3:35  Pylon  
  32  3:52  Gateway  
  32  3:56  Nexus  
  32  4:00  Oracle  
  35  4:04  Shield Battery  
  35  4:06  Pylon  
  35  4:09  Assimilator  
  35  4:19  Stalker x2  
  35  4:23  Probe  
  40  4:27  Blink  
  40  4:46  Probe  
  40  4:50  Gateway  
  41  5:03  Probe  
  41  5:04  Stalker x2  
  46  5:12  Probe  
  47  5:15  Probe  
  48  5:24  Probe  
  48  5:27  Probe  
  50  5:33  Gateway  
  50  5:35  Stalker  
  50  5:36  Probe  
  50  5:37  Sentry  
  50  5:39  Probe  
  56  5:48  Probe  
  57  5:58  Probe  
  57  6:00  Probe  
  57  6:01  Pylon  
  57  6:02  Stalker  
  57  6:03  Stalker x2  
  65  6:10  Probe  
  66  6:11  Forge  
  66  6:18  Charge  
  66  6:21  Probe  
  66  6:22  Probe  
  68  6:36  Probe  
  68  6:37  Probe  
  67  6:47  Protoss Ground Weapons Level 1  
  67  6:56  Zealot x5  
  77  7:07  Probe  
  78  7:11  Forge  
  78  7:13  Nexus, Pylon  
  78  7:25  Pylon  
  78  7:28  Templar Archives  
  78  7:29  Protoss Ground Armor Level 1  
  78  7:31  Probe x2  
  78  7:35  Assimilator  
  80  7:38  Pylon  
  80  7:42  Zealot x3  
  80  7:43  Probe x2  
  88  7:56  Probe  
  89  8:01  Gateway  
  89  8:10  High Templar x2  
  89  8:11  High Templar x2  
  89  8:12  Zealot  
  99  8:14  Archon  
  99  8:15  Archon  
  99  8:20  Probe x2  
  99  8:22  Assimilator  
  99  8:26  Photon Cannon, Probe  
  102  8:28  Shield Battery  
  102  8:32  Probe  
  104  8:48  Probe x2  
  104  8:54  Photon Cannon  
  105  8:56  Shield Battery  
  65  9:25  Zealot x6  
  65  9:28  Protoss Shields Level 1, Protoss Ground Weapons Level 2  
  65  9:31  Assimilator  
  69  9:36  Gateway  
  69  9:38  Probe x2, Gateway  
  71  9:46  Zealot x6  
  83  9:57  Probe x2  
  85  10:04  Robotics Facility  
  85  10:08  Robotics Facility  
  85  10:10  High Templar x6  
  97  10:16  Archon x2  
  97  10:17  Archon  
  83  10:38  Probe x2  
  75  10:43  Sentry  
  75  10:44  Stalker x6  
  75  10:45  Stalker  
  75  10:48  Pylon  
  91  10:57  Probe x2  
  91  11:00  Nexus  
  91  11:02  Pylon  
  93  11:05  Pylon  
  93  11:06  Observer  
  93  11:07  Pylon  
  95  11:15  Immortal  
  98  11:19  Probe  
  98  11:25  Photon Cannon  
  99  11:26  Pylon, Probe x2  
  99  11:30  Gateway  
  101  11:32  Gateway  
  101  11:34  High Templar x2  
  101  11:35  Protoss Shields Level 2  
  101  11:36  Stalker x3  
  101  11:37  Zealot x3  
  101  11:39  Archon  
  117  11:43  Probe x2  
  119  11:54  Probe  
  119  11:55  Probe  
  119  11:56  Probe  
  119  11:57  Photon Cannon  
  119  12:00  Immortal  
  130  12:03  Warp Prism  
  128  12:11  Probe x2  
  128  12:12  Assimilator  
  130  12:16  Shield Battery  
  130  12:17  Photon Cannon  
  130  12:21  Probe x2  
  130  12:22  Assimilator  
  132  12:23  Probe  
  132  12:26  High Templar x2  
  132  12:27  Stalker x5  
  132  12:29  Zealot x2  
  151  12:32  Archon  
  151  12:43  Zealot  
  149  12:54  Zealot x7  
  125  13:06  Zealot x3  
  100  13:21  Zealot x6  
  100  13:22  Zealot  
  98  13:34  Probe  
  98  13:36  Robotics Bay  
  98  13:40  Robotics Facility  
  95  13:43  Nexus  
  95  13:47  Photon Cannon  
  95  13:48  High Templar x6, Shield Battery  
  97  13:49  High Templar x2  
  97  13:52  Archon x4  
  102  14:04  Zealot x2  
Show
View Real Time Build Order
Export as new Build Order

HoldTheDoor Protoss - Winner!

Build Orders: Chargelot Immortal 

Get SALT Encoding   

  12  0:00  Probe  
  13  0:12  Probe  
  14  0:17  Pylon  
  14  0:23  Probe  
  15  0:31  Probe  
  15  0:39  Gateway  
  15  0:40  Probe  
  16  0:49  Assimilator  
  17  0:50  Probe  
  18  1:05  Assimilator, Probe  
  18  1:11  Gateway  
  19  1:17  Probe  
  20  1:29  Cybernetics Core  
  20  1:30  Probe  
  21  1:36  Pylon  
  21  1:42  Probe  
  23  1:54  Probe  
  23  2:06  Probe  
  24  2:09  Stalker x2  
  24  2:13  Warp Gate  
  28  2:19  Pylon  
  28  2:22  Probe  
  29  2:31  Shield Battery  
  29  2:36  Stalker  
  29  2:38  Sentry  
  33  2:46  Probe  
  34  2:54  Robotics Facility  
  34  2:58  Probe  
  35  3:25  Probe  
  34  3:53  Immortal, Probe  
  39  4:02  Nexus  
  39  4:04  Pylon  
  39  4:07  Pylon, Forge  
  39  4:09  Twilight Council  
  39  4:22  Probe  
  39  4:24  Stalker  
  42  4:26  Sentry  
  44  4:32  Observer  
  44  4:34  Probe  
  46  4:42  Photon Cannon  
  46  4:50  Stargate  
  46  4:53  Pylon  
  46  4:55  Photon Cannon  
  46  5:05  Pylon  
  46  5:06  Shield Battery  
  46  5:18  Probe x2  
  48  5:22  Charge  
  47  5:30  Probe  
  47  5:32  Phoenix  
  47  5:33  Pylon  
  48  5:37  Shield Battery, Observer  
  51  5:45  Probe  
  51  5:48  Probe  
  53  5:51  Assimilator  
  53  5:55  Assimilator  
  53  5:57  Photon Cannon  
  53  5:58  Protoss Air Weapons Level 1  
  53  5:59  Probe  
  53  6:02  Observer  
  53  6:03  Probe  
  56  6:05  Protoss Ground Weapons Level 1  
  56  6:11  Photon Cannon, Probe  
  57  6:21  Probe  
  57  6:25  Probe  
  59  6:41  Probe  
  60  6:49  Probe  
  60  6:53  Probe  
  62  7:02  Phoenix  
  62  7:03  Immortal  
  62  7:06  Nexus  
  62  7:07  Pylon  
  68  7:10  Pylon  
  68  7:16  Gateway, Probe  
  68  7:17  Probe  
  68  7:18  Gateway  
  70  7:24  Sentry  
  70  7:26  Zealot  
  70  7:29  Probe  
  75  7:31  Probe  
  76  7:37  Photon Cannon  
  76  7:38  Shield Battery  
  76  7:41  Shield Battery  
  76  7:48  Photon Cannon, Probe  
  77  7:52  Zealot  
  77  7:57  Zealot  
  81  8:02  Protoss Ground Armor Level 1  
  81  8:07  Probe x2  
  83  8:17  Immortal  
  87  8:24  Probe  
  87  8:25  Templar Archives  
  87  8:26  Probe  
  89  8:27  Pylon  
  89  8:41  Probe x2  
  89  8:42  Probe  
  89  8:46  Assimilator  
  92  8:50  Blink  
  92  8:54  Gateway  
  92  8:56  Immortal  
  92  8:57  Gateway  
  92  8:59  Zealot  
  92  9:00  Zealot  
  84  9:17  Zealot x2  
  82  9:29  Stalker x2  
  86  9:31  Probe  
  86  9:36  Pylon  
  86  9:37  Photon Cannon  
  86  9:38  Photon Cannon  
  87  9:40  Photon Cannon, Pylon  
  87  9:42  Pylon  
  87  9:44  Sentry  
  87  9:45  Zealot  
  91  9:48  Immortal  
  91  9:52  Photon Cannon  
  95  9:54  Photon Cannon  
  95  9:55  Pylon  
  95  9:56  Probe  
  96  10:00  Assimilator  
  96  10:03  Photon Cannon  
  96  10:05  Pylon  
  96  10:09  Zealot x2  
  96  10:12  High Templar  
  96  10:13  High Templar x2  
  106  10:14  High Templar  
  106  10:17  Archon  
  106  10:18  Archon  
  108  10:27  Immortal  
  111  10:47  Photon Cannon  
  111  10:49  Photon Cannon  
  111  10:54  Probe  
  111  10:55  Photon Cannon  
  111  10:56  Shield Battery  
  112  11:01  Shield Battery  
  112  11:03  Shield Battery, Photon Cannon  
  112  11:05  Shield Battery  
  112  11:07  Pylon x2  
  112  11:08  Probe  
  112  11:10  Photon Cannon  
  113  11:20  High Templar x4  
  113  11:21  High Templar x2  
  113  11:25  Protoss Ground Armor Level 2  
  125  11:26  Archon x3  
  125  11:32  Probe x2  
  127  11:41  Gateway  
  127  11:42  Gateway  
  127  11:43  Probe  
  127  11:45  Gateway  
  128  11:47  Gateway  
  128  11:49  Pylon  
  128  11:51  Immortal  
  128  11:53  Probe  
  128  11:54  Probe  
  134  12:05  Zealot x2  
  134  12:06  Zealot x3  
  144  12:20  Zealot  
  146  12:35  Pylon  
  146  12:39  Pylon  
  115  13:08  Zealot x10  
  119  13:28  Zealot x2  
  119  13:29  Zealot x8  
  138  13:50  Nexus  
  138  13:51  Zealot x2  
  138  13:52  Zealot x8  
  138  13:53  Photon Cannon x2  
  158  13:55  Pylon  
  158  13:58  Pylon  
Tags
 
Matchup
PvP
Replay Pack
SC2Mai2026
Spawn Locations
Cross Positions
Add a new tag
Caveats
  • Supply blocks, unpowered buildings, or Contaminate may cause inaccurate times.
  • Supply counts are checked every 10 seconds.